 Dungeon Crawl Stone Soup version 0.30-a0-722-g3e6e8c874d (webtiles) character file.

Game seed: 15488281048920968290

241 mistaj the Trooper (level 6, -8/33 HPs)
             Began as a Vine Stalker Fighter on Jan 28, 2023.
             Mangled by an ogre
             ... wielding a +0 giant club
              (15 damage)
             ... on level 4 of the Dungeon.
             The game lasted 00:03:29 (2369 turns).

mistaj the Trooper (Vine Stalker Fighter)           Turns: 2369, Time: 00:03:30

Health: -8/33      AC: 11    Str: 21    XL:     6   Next: 8%
Magic:  0/7        EV:  9    Int:  8    God:
Gold:   246        SH:  5    Dex: 13    Spells: 5/5 levels left

rFire   . . .      SeeInvis .    a - +0 war axe
rCold   . . .      Faith    .    c - +0 buckler
rNeg    . . .      Spirit   +    b - +0 scale mail
rPois   .          Reflect  .    w - +0 helmet
rElec   .          Harm     .    (no cloak)
rCorr   +          Rampage  .    t - +0 pair of gloves
Will    .....                    s - +1 pair of boots Stlth
                                 (no amulet)
HPRegen 1.05/turn                k - ring of resist corrosion
MPRegen 0.10/turn                (no ring)

@: no status effects
A: fangs 2, regeneration 1, magic shield, antimagic bite, no potion heal 2
a: no special abilities


You were on level 4 of the Dungeon.
You visited 1 branch of the dungeon, and saw 4 of its levels.

You collected 246 gold pieces.

Inventory:

Hand Weapons
 a - a +0 war axe (weapon)
Armour
 b - a +0 scale mail (worn)
 c - a +0 buckler (worn)
 s - a +1 pair of boots (worn)
 t - a +0 pair of gloves (worn)
 w - a +0 helmet (worn)
Jewellery
 k - a ring of resist corrosion (left hand)
Scrolls
 e - 4 scrolls of teleportation {unknown}
 f - a scroll of enchant armour {unknown}
 g - a scroll of immolation {unknown}
 h - a scroll of vulnerability {unknown}
 i - a scroll of acquirement {unknown}
 j - a scroll of noise {unknown}
 l - 2 scrolls of amnesia {unknown}
 m - a scroll of blinking {unknown}
 n - 3 scrolls of identify {unknown}
 q - 2 scrolls of fog {unknown}
 r - a scroll of poison {unknown}
Potions
 d - 2 potions of might
 o - a potion of invisibility {unknown}
 p - 5 potions of lignification {unknown}
 u - a potion of attraction {unknown}
 v - a potion of mutation {unknown}
 x - a potion of curing {unknown}
 z - a potion of flight {unknown}


   Skills:
 + Level 3.8 Fighting
 + Level 3.1 Axes
 + Level 3.4 Armour
 + Level 3.7 Shields


You had 5 spell levels left.
You didn't know any spells.
Your spell library was empty.

Dungeon Overview and Level Annotations

Branches:
Dungeon (4/15)
 Temple: D:4-7

Altars:


Innate Abilities, Weirdness & Mutations

You have extremely sharp teeth.
Your natural rate of healing is unusually fast.
When hurt, damage is shared between your health and your magic reserves.
Your bite disrupts and absorbs the magic of your enemies.
Potions cannot restore your health.


Message History

The orc shouts!
You enter the shallow water.
Moving in this stuff is going to be slow.
The orc hits you from afar with a +0 trident.
The orc hits you but does no damage.
You enter the shallow water.
Moving in this stuff is going to be slow.
The orc closely misses you.
You hit the orc. You bite the orc. You drain its power.
You feel invigorated.
The orc is heavily wounded.
The orc hits you but does no damage. The orc hits you with a +0 trident.
You hit the orc.
You kill the orc!
You hear a splash. x2
No target in view!
No target in view!
No target in view!
Things that are here:
a +0 trident; a +0 leather armour; an orc corpse You enter the shallow water.
Moving in this stuff is going to be slow.
An ogre comes into view. It is wielding a +0 giant club.
You barely miss the ogre. You bite the ogre. You drain its power.
The ogre is lightly wounded.
The ogre barely misses you.
You slash the ogre! You bite the ogre. You drain its power.
The ogre is heavily wounded.
The ogre hits you with a +0 giant club!!
You barely miss the ogre. You bite the ogre, but do no damage.
The ogre is heavily wounded.
The ogre hits you with a +0 giant club!
* * * LOW HITPOINT WARNING * * *
You are too injured to fight recklessly!
You are too injured to fight recklessly!
You are too injured to fight recklessly!
You slash the ogre! You bite the ogre. You drain its power.
You feel invigorated.
The ogre is almost dead.
The ogre hits you with a +0 giant club!!
You die...

#### #...###
###......#
##.@O......
###.#.....#..
##..########
##..## ##..##
###.###
##..##### #
#.......# #
#######.#


You could see an ogre.

Vanquished Creatures
  An orc priest (D:3)
  Jessica (D:2)
  Terence (D:2)
  An orc wizard (D:3)
  Robin (D:3)
  4 adders
  4 worms
  4 orcs
  2 ball pythons
  8 bats
  6 endoplasms
  4 giant cockroaches
  14 goblins
  10 hobgoblins
  2 jackals (D:1)
  2 kobolds
  2 quokkas (D:3)
  3 rats
70 creatures vanquished.

Notes
Turn   | Place    | Note
-------+----------+-------------------------------------------
     0 | D:1      | mistaj the Vine Stalker Fighter began the quest for the
                  | Orb.
     0 | D:1      | Reached XP level 1. HP: 11/11 MP: 2/2
   319 | D:1      | Reached XP level 2. HP: 16/16 MP: 1/3
   687 | D:2      | Reached XP level 3. HP: 18/20 MP: 2/4
   871 | D:2      | Noticed Terence
   880 | D:2      | Killed Terence
   881 | D:2      | Gained mutation: Your natural rate of healing is unusually
                  | fast. [Vine Stalker growth]
   881 | D:2      | Reached XP level 4. HP: 16/24 MP: 2/5
  1236 | D:2      | Noticed Jessica
  1247 | D:2      | Killed Jessica
  1745 | D:3      | Reached XP level 5. HP: 28/28 MP: 6/6
  1829 | D:3      | Noticed Robin
  1842 | D:3      | Killed Robin
  1921 | D:3      | Reached XP level 6. HP: 29/33 MP: 5/7
  2369 | D:4      | Mangled by an ogre

Illustrated notes

Levels and vault maps discovered:
D:1:      dpeg_arrival_connections, layout_rooms
D:2:      layout_loops_corners, grunt_decor_junction, uniq_terence, uniq_jessica
D:3:      layout_basic, amcnicky_mini_corridor_feature, uniq_robin
D:4:      layout_cave_pods, dk_vineyard_3, chequers_serial_rivers_large_a

Skill      XL: |  1  2  3  4  5 |
---------------+----------------+-----
Axes           | 2 3 |  3.1
Fighting       | 3 |  3.8
Shields        | 3 |  3.7
Armour         | 3 |  3.4

Action                     |  1- 3 |  4- 6 || total
---------------------------+-------+-------++-------
  Melee: War axe           |    53 |   104 ||   157
         Bite              |    15 |    23 ||    38
 Armour: Scale mail        |    25 |    73 ||    98
  Dodge: Dodged            |    25 |    50 ||    75
  Block: Buckler           |    12 |    26 ||    38

Table legend: (Time is in decaauts)
 A = Elapsed time spent in this place.
 B = Non-inter-level travel time spent in this place.
 C = Inter-level travel time spent in this place.
 D = Time resting spent in this place.
 E = Time spent auto-exploring this place.
 F = Levels seen in this place.
 G = Mean time per level.
                   A        B        C        D        E       F      G
               +--------+--------+--------+--------+--------+-----+--------+
         Total |   2436 |   2399 |     37 |    274 |   1535 |   4 |  609.0 |
       Dungeon |   2436 |   2399 |     37 |    274 |   1535 |   4 |  609.0 |
               +--------+--------+--------+--------+--------+-----+--------+

Top non-repeatable levels by time:
     D:2: 968 daAuts
     D:1: 657 daAuts
     D:3: 541 daAuts
     D:4: 269 daAuts
